 Dungeon Crawl Stone Soup version 0.23.2-33-g5129a83184 (webtiles) character file.

Game seed: 17107035908700318272

94 Revguard the Slasher (level 4, -3/27 HPs)
             Began as a Tengu Gladiator on July 22, 2019.
             Killed from afar by a white imp (10 damage)
             ... with a puff of frost
             ... summoned by Natasha
             ... on level 3 of the Dungeon.
             The game lasted 00:03:37 (1819 turns).

Revguard the Slasher (Tengu Gladiator)              Turns: 1819, Time: 00:03:37

Health: -3/27      AC:  4    Str: 14    XL:     4   Next: 63%
Magic:  5/5        EV: 14    Int:  8    God:
Gold:   98         SH:  0    Dex: 17    Spells: 3/3 levels left

rFire    . . .     SeeInvis .   a - +0 long sword
rCold    . . .     Gourm    .   (no shield)
rNeg     . . .     Faith    .   b - +0 leather armour
rPois    .         Spirit   .   c - +0 hat
rElec    .         Reflect  .   (no cloak)
rCorr    .         Harm     .   (no gloves)
MR       .....                  (boots unavailable)
Stlth    ++........             (no amulet)
HPRegen  0.09/turn              e - +1 ring of protection
MPRegen  0.09/turn              (no ring)

@: slowed, very slow
A: beak, talons 3
a: no special abilities


You were on level 3 of the Dungeon.
You were hungry.

You visited 1 branch of the dungeon, and saw 3 of its levels.

You collected 98 gold pieces.

Inventory:

Hand Weapons
 a - a +0 long sword (weapon)
Missiles
 d - 3 throwing nets (quivered)
 k - 21 arrows
Armour
 b - a +0 leather armour (worn)
 c - a +0 hat (worn)
Jewellery
 e - a +1 ring of protection (left hand)
Scrolls
 g - 6 scrolls of identify {unknown}
 h - a scroll of teleportation {unknown}
 i - 2 scrolls of enchant weapon {unknown}
 j - a scroll of noise {unknown}
 l - 3 scrolls of remove curse {unknown}
 m - a scroll of magic mapping {unknown}
Comestibles
 f - 3 rations


   Skills:
 * Level 2.6 Fighting
 + Level 4.2 Long Blades
 - Level 2.0 Throwing
 * Level 1.4 Armour
 + Level 3.8 Dodging
 * Level 1.5 Stealth


You had 3 spell levels left.
You didn't know any spells.
Your spell library was empty.

Dungeon Overview and Level Annotations

Branches:
Dungeon (3/15)

Altars:
Elyvilon

Annotations:
D:3 Ijyb, Natasha


Innate Abilities, Weirdness & Mutations

You have a beak for a mouth.
You have claws for feet.


Message History

Natasha is moderately wounded.
The shadow imp disappears in a puff of smoke!
Natasha completely misses you.
Ijyb the Twisted Goblin comes into view.
She is wielding a +0 club, wearing a +0 scale mail of magic resistance and carrying a wand of digging (5).
You barely miss Natasha. You claw Natasha. Your peck misses Natasha.
Natasha is heavily wounded.
Natasha claws you.
* * * LOW HITPOINT WARNING * * *
You aren't carrying any potions.
Natasha claws you but does no damage.
Things that are here:
a +0 club; a +0 ring mail An adder comes into view.
Natasha casts a spell at you.
You feel yourself slow down.
The white imp shouts, "Slither away, thou venomed flat-headed urchin!"
You see here a scroll labeled NUIMUW VIOM.
The white imp gestures at you. The puff of frost hits you!
You die...

..$.. ..... ...#
##..## #.... #...#
#...### ####..@h.##
#....<#?g.##
...%###.#...)######
.## #.##.#5r)w..#
#.##.####g.....
#.##.# ..... #.##.#
.... #.##.# g..
#.##.# ..


You could see Ijyb, a worm, Natasha, a white imp, a quokka and a hobgoblin.

Vanquished Creatures
  Terence (D:3)
  2 adders (D:2)
  2 oozes (D:2)
  4 leopard geckos
  2 orcs (D:3)
  A giant cockroach (D:1)
  5 goblins (D:1)
  3 hobgoblins (D:2)
  6 kobolds
  5 bats
  3 frilled lizards
  5 rats
39 creatures vanquished.

Notes
Turn   | Place    | Note
-------+----------+-------------------------------------------
     0 | D:1      | Revguard the Tengu Gladiator began the quest for the Orb.
     0 | D:1      | Reached XP level 1. HP: 12/12 MP: 2/2
   112 | D:1      | Reached XP level 2. HP: 17/17 MP: 3/3
   776 | D:2      | Reached XP level 3. HP: 20/22 MP: 4/4
  1033 | D:2      | Found a white marble altar of Elyvilon.
  1114 | D:2      | Reached skill level 1 in Stealth
  1201 | D:2      | Reached skill level 4 in Long Blades
  1201 | D:2      | Reached skill level 1 in Armour
  1362 | D:2      | Reached XP level 4. HP: 16/27 MP: 5/5
  1794 | D:3      | Noticed Terence
  1797 | D:3      | Noticed Natasha
  1809 | D:3      | Killed Terence
  1813 | D:3      | Noticed Ijyb
  1819 | D:3      | Killed from afar by a white imp

Skill      XL: |  1  2  3 |
---------------+----------+-----
Stealth        | 1 |  1.5
Long Blades    | 4 |  4.2
Armour         | 1 |  1.4
Fighting       | |  2.6
Throwing       | |  2.0
Dodging        | |  3.8

Action                   |  1- 3 |  4- 6 || total
-------------------------+-------+-------++-------
Melee: Long sword        |    59 |    20 ||    79
       Kick              |    16 |    10 ||    26
       Peck              |    11 |     3 ||    14
  Use: Potion            |     2 |     2 ||     4
  Eat: Chunk             |     1 |     1 ||     2
Armor: Leather armour    |    22 |     4 ||    26
Dodge: Dodged            |    45 |    20 ||    65
       Rpst.: Long sword |    14 |     7 ||    21
